 Dungeon Crawl Stone Soup version 0.30-a0-116-g3b1a8e4ee4 (webtiles) character file.

Game seed: 17111372942586657969

3280 Zonian the Geomancer (level 10, -7/50 HPs)
             Began as a Gargoyle Earth Elementalist on Sept 13, 2022.
             Mangled by an orc warrior
             ... wielding a +0 glaive
              (15 damage)
             ... in a bailey.
             The game lasted 00:24:36 (10299 turns).

Zonian the Geomancer (Gargoyle Earth Elementalist) Turns: 10299, Time: 00:24:41

Health: -7/50      AC: 16    Str: 12    XL:     10   Next: 0%
Magic:  17/18      EV: 12    Int: 20    God:
Gold:   553        SH:  0    Dex: 10    Spells: 12/19 levels left

rFire   . . .      SeeInvis .    p - +3 short sword (venom)
rCold   . . .      Faith    .    (no shield)
rNeg    + . .      Spirit   .    H - +0 steam dragon scales
rPois   ∞          Reflect  .    (no helmet)
rElec   +          Harm     .    K - +0 cloak
rCorr   .          Rampage  .    (no gloves)
Will    .....                    s - +2 pair of boots
Stlth   +++.......               D - amulet of magic regeneration
HPRegen 0.16/turn                f - ring of wizardry
MPRegen 0.56/turn                c - ring of wizardry

@: no status effects
A: sickness immunity, AC +7, negative energy resistance 1, electricity
resistance, torment resistance 1, petrification resistance
a: no special abilities


You were in a bailey.
You visited 2 branches of the dungeon, and saw 9 of its levels.
You also visited: Bailey.

You collected 1233 gold pieces.
You spent 680 gold pieces at shops.

Inventory:

Hand Weapons
 b - a +3 short sword
 p - a +3 short sword of venom (weapon)
 u - a +1 dagger of holy wrath
 v - a +0 whip of holy wrath
 w - a +0 hand axe of flaming
 A - the +6 scimitar "Qisyeg" {freeze, rF+ Dex+5}
   (You bought it in a shop on level 5 of the Dungeon)

   It freezes those it strikes, dealing additional cold damage.
   It can also slow down cold-blooded creatures.
   Dex:       It affects your dexterity (+5).
   rF:        It protects you from fire.
 F - a +2 shortbow of freezing
 O - a +1 whip of electrocution
Missiles
 m - 2 javelins
 y - 5 boomerangs
 M - a throwing net
Armour
 a - a +1 robe
 s - a +2 pair of boots (worn)
 H - +0 steam dragon scales (worn)
 K - a +0 cloak (worn)
Magical Staves
 l - a staff of air
 x - a staff of cold
Jewellery
 c - a ring of wizardry (right hand)
 f - a ring of wizardry (left hand)
 D - an amulet of magic regeneration (around neck)
Wands
 G - a wand of roots (10)
Scrolls
 h - 3 scrolls of magic mapping
 j - 2 scrolls of teleportation
 o - 3 scrolls of fog
 z - a scroll of brand weapon
 B - a scroll of noise
 C - a scroll of fear
 E - a scroll of immolation
 J - 2 scrolls of poison
 L - a scroll of silence
 N - a scroll of summoning {unknown}
Potions
 d - 2 potions of degeneration
 e - a potion of attraction
 i - a potion of cancellation
 k - 2 potions of berserk rage
 n - a potion of brilliance
 q - 2 potions of ambrosia
 r - 2 potions of curing
 t - a potion of haste
 I - a potion of mutation {unknown}
 P - a potion of lignification


   Skills:
 - Level 4.0 Dodging
 + Level 7.0 Stealth
 + Level 5.4 Spellcasting
 + Level 5.4 Conjurations
 - Level 1.3 Transmutations
 - Level 4.0 Ice Magic
 * Level 9.9 Earth Magic


You had 12 spell levels left.
You knew the following spells:

 Your Spells              Type           Power      Damage    Failure   Level
a - Sandblast             Erth           90%        2d19      1%          1
b - Stone Arrow           Conj/Erth      72%        3d11      1%          3
c - Frozen Ramparts       Ice            42%        1d7       1%          3

Your spell library contained the following spells:

 Spells                   Type           Power      Damage    Failure   Level
 Passwall                 Tmut/Erth      23%        N/A       1%          2
 Wereblood                Tmut           10%        N/A       2%          2
 Petrify                  Tmut/Erth      28%        N/A       3%          4
 Blink                    Tloc           10%        N/A       4%          2
 Hailstorm                Conj/Ice       24%        3d7       4%          4
 Summon Ice Beast         Ice/Summ       13%        N/A       13%         4
 Manifold Assault         Tloc           5%         N/A       28%         4
 Storm Form               Tmut/Air       4%         N/A       100%        7
 Summon Hydra             Summ           2%         N/A       100%        7
 Polar Vortex             Ice            10%        N/A       100%        9
 Sublimation of Blood     Necr           Unusable   N/A       N/A         2

Dungeon Overview and Level Annotations

Branches:
Dungeon (8/15)             Temple (1/1) D:6          Bailey (1/1)
   Lair: D:8-11

Altars:
Ashenzari
Cheibriados
Elyvilon
Fedhas
Gozag
Kikubaaqudgha
Makhleb
Okawaru
Qazlal
Ru
Sif Muna
Uskayaw
Wu Jian
Xom
Yredelemnul
Zin
The Shining One
Ignis

Shops:
D:5 ((!((


Innate Abilities, Weirdness & Mutations

You are immune to sickness and miasma.
Your stone body is resilient. (AC +7)
You are immune to poison.
You resist negative energy. (rN+)
You are resistant to electric shocks. (rElec)
You are resistant to unholy torment.
You are immune to petrification.


Message History

The orc is moderately wounded.
The orc warrior shouts!
The orc barely misses you. The orc misses you.
The blast of sand hits the orc!!
You kill the orc!
The orc misses you. The orc closely misses you. x2
The blast of sand hits the orc.
The orc is severely wounded.
The orc hits you but does no damage. The orc closely misses you.
Unknown command.
Found 11 gold pieces.
The orc barely misses you. x2
The orc warrior hits you but does no damage.
Items here: )))) [[[[ †.
You closely miss the orc.
The orc is severely wounded.
The orc barely misses you. The orc warrior barely misses you.
You hit the orc but do no damage.
The orc is poisoned.
The orc is severely wounded.
The orc hits you but does no damage. x2; The orc warrior closely misses you.
You hit the orc.
The orc looks as sick as possible!
The orc is almost dead.
You kill the orc!
The orc hits you but does no damage.
The orc warrior hits you from afar with a +0 glaive!
Unknown command.
The blast of sand hits the orc!
You kill the orc!
The orc warrior hits you from afar with a +0 glaive! x2
* * * LOW HITPOINT WARNING * * *
You are too injured to fight recklessly!
Unknown command.
Casting: Sandblast (safe; 1% risk of failure)
Confirm with . or Enter, or press ? or * to list all spells.
Aiming: Sandblast (safe; 1% risk of failure)
Press: ? - help, Shift-Dir - straight line, f - orc warrior
Aim: an orc warrior, wielding a +0 glaive and wearing a +0 chain mail (83% to hit)
The blast of sand hits the orc warrior!
The orc warrior is heavily wounded.
The orc warrior hits you from afar with a +0 glaive!
You die...

#.~.. .$
#.~.# .$
#.~.######
#.~.......
#.~~~~~~
.o...
##))#
#)@##
##).#
#∩∩## ####


You could see an orc warrior.

Vanquished Creatures
  Pikel (D:7)
  Maggie (D:6)
  4 yaks (D:8)
  An acid dragon (D:7)
  An ice beast (D:6)
  3 centaurs
  A lemure (D:7)
  A kobold brigand (D:6)
  2 bullfrogs
  3 scorpions
  6 killer bees (D:5)
  2 howler monkeys
  An electric eel (D:6)
  2 jellies (D:5)
  4 orc priests
  Crazy Yiuf (D:7)
  3 hounds (D:5)
  2 iguanas
  5 orc wizards
  4 gnolls (D:5)
  7 adders
  2 white imps
  4 worms
  8 dart slugs
  23 orcs
  4 endoplasms
  4 giant cockroaches
  8 goblins
  7 hobgoblins
  3 jackals (D:1)
  2 quokkas
  9 ball pythons
  6 bats
  11 kobolds
  9 rats
155 creatures vanquished.

Vanquished Creatures (others)
  2 fungi (D:7)
  5 plants (D:5)
7 creatures vanquished.

Grand Total: 162 creatures vanquished

Notes
Turn   | Place    | Note
-------+----------+-------------------------------------------
     0 | D:1      | Zonian the Gargoyle Earth Elementalist began the quest for
                  | the Orb.
     0 | D:1      | Reached XP level 1. HP: 10/10 MP: 3/3
   548 | D:1      | Reached skill level 1 in Transmutations
   548 | D:1      | Reached XP level 2. HP: 6/15 MP: 0/5
  1452 | D:1      | Found a faded altar of an unknown god.
  2030 | D:1      | Reached XP level 3. HP: 18/19 MP: 6/6
  2189 | D:2      | Reached skill level 4 in Earth Magic
  3038 | D:3      | Learned a level 3 spell: Stone Arrow
  3115 | D:3      | Reached XP level 4. HP: 24/24 MP: 5/7
  3719 | D:3      | Found an opulent altar of Gozag.
  4277 | D:4      | Identified a scroll of acquirement
  4277 | D:4      | Acquired 804 gold pieces
  4449 | D:4      | Reached skill level 1 in Conjurations
  4449 | D:4      | Reached XP level 5. HP: 24/28 MP: 2/8
  4702 | D:4      | Found a shimmering altar of Xom.
  4709 | D:4      | Acquired Jopunlew's Commentary on Hypothermia
  4778 | D:4      | Found an ornate altar of the Wu Jian Council.
  4793 | D:5      | Entered Level 5 of the Dungeon
  4868 | D:5      | Reached skill level 5 in Earth Magic
  4938 | D:5      | Reached XP level 6. HP: 32/32 MP: 6/10
  5002 | D:5      | Found Dienk's Antique Weapon Boutique.
  5215 | D:5      | Bought a glowing whip for 110 gold pieces
  5215 | D:5      | Bought a runed hand axe for 120 gold pieces
  5356 | D:5      | Reached skill level 6 in Earth Magic
  5356 | D:5      | Reached XP level 7. HP: 18/36 MP: 11/11
  5911 | D:5      | Learned a level 3 spell: Frozen Ramparts
  6149 | D:5      | Found Zautt's Distillery.
  6157 | D:5      | Bought a potion of curing for 33 gold pieces
  6157 | D:5      | Bought a potion of heal wounds for 55 gold pieces
  6157 | D:5      | Bought a potion of haste for 110 gold pieces
  6193 | D:5      | Found an iron altar of Okawaru.
  6231 | D:5      | Found Kicw's Weapon Shoppe.
  6238 | D:5      | Found Ixziam's Weapon Emporium.
  6319 | D:5      | Found Ylog's Antique Weapon Shop.
  6327 | D:5      | Bought a jewelled scimitar for 252 gold pieces
  6327 | D:5      | Identified the +6 scimitar "Qisyeg" {freeze, rF+ Dex+5}
                  | (You bought it in a shop on level 5 of the Dungeon)
  6630 | D:6      | Reached skill level 1 in Ice Magic
  6630 | D:6      | Reached skill level 7 in Earth Magic
  6630 | D:6      | Reached XP level 8. HP: 37/41 MP: 13/13
  6748 | D:6      | Found a staircase to the Ecumenical Temple.
  6792 | D:6      | Reached skill level 5 in Stealth
  6851 | Temple   | Entered the Ecumenical Temple
  7286 | D:6      | Noticed Maggie
  7797 | D:6      | Killed Maggie
  7798 | D:6      | Reached skill level 8 in Earth Magic
  8178 | D:6      | Reached XP level 9. HP: 43/45 MP: 15/15
  8615 | D:7      | Found a runed translucent door.
  8616 | D:7      | Noticed Crazy Yiuf
  8621 | D:7      | Killed Crazy Yiuf
  8681 | D:7      | Identified the +8 ring mail "Eqiud" {-Tele +Inv Int+4
                  | Stlth+}
  8967 | D:7      | Noticed Pikel
  8980 | D:7      | Killed Pikel
  8981 | D:7      | Reached skill level 5 in Spellcasting
  8981 | D:7      | Reached skill level 9 in Earth Magic
  9249 | D:7      | Found a shimmering blue altar of Sif Muna.
  9949 | D:8      | Reached skill level 5 in Conjurations
  9961 | D:8      | Reached XP level 10. HP: 23/50 MP: 14/18
 10218 | D:8      | Found a flagged portal.
 10278 | Bailey   | Entered a bailey
 10299 | Bailey   | Mangled by an orc warrior

Illustrated notes

Levels and vault maps discovered:
D:1:      lightli_arrival_maybe_door_vault, layout_basic,
          ebering_ecumenical_altar_petrified
D:2:      layout_rooms
D:3:      layout_basic, nicolae_gozag_seed_capital, grunt_ministairs_1
D:4:      layout_basic, kennysheep_little_box, lemuel_round_altar
D:5:      layout_loops_cross, mainiacjoe_overflow_boulevard, serial_shops, shop,
          shop, nicolae_shop_overgrown_old_shop, shop, shop
D:6:      kennysheep_slugbush, layout_basic, minmay_temple_entry_slanted,
          bh_walls_and_bars, uniq_maggie
D:7:      layout_basic, mainiacjoe_overflow_small_starburst, uniq_pikel,
          uniq_crazy_yiuf_cottage
D:8:      layout_basic, nicolae_hepliaklqana_monster_ancestors, enter_bailey_4
Temple:   pdpol_scorched_temple
Bailey:   bailey_polearm_1, bailey

Skill      XL: |  1  2  3  4  5  6  7  8  9 |
---------------+----------------------------+-----
Transmutations | 1 |  1.3
Earth Magic    | 4 5 6 7 8 9 |  9.9
Dodging        | 2 3 4 |  4.0
Stealth        | 3 4 5 7 |  7.0
Conjurations   | 1 2 3 4 5 |  5.4
Spellcasting   | 3 4 5 |  5.4
Ice Magic      | 1 2 4 |  4.0

Action                   |  1- 3 |  4- 6 |  7- 9 | 10-12 || total
-------------------------+-------+-------+-------+-------++-------
Melee: Unarmed           |    31 |       |       |       ||    31
       Short sword       |    26 |    51 |   159 |    16 ||   252
       Punch             |     1 |       |       |       ||     1
       Scimitar          |       |       |    13 |       ||    13
 Cast: Sandblast         |    40 |    33 |    64 |    11 ||   148
       Stone Arrow       |       |       |     7 |       ||     7
       Frozen Ramparts   |       |       |     2 |       ||     2
  Use: Potion            |     1 |     1 |     4 |       ||     6
       Scroll            |     3 |    11 |     9 |       ||    23
 Stab: Sleeping          |     1 |     6 |     2 |       ||     9
       Distracted        |       |       |     1 |       ||     1
Armor: Robe              |    44 |    28 |    62 |       ||   134
       Steam dragon scal |       |       |    52 |    16 ||    68
Dodge: Dodged            |    81 |    48 |   131 |    35 ||   295

Table legend: (Time is in decaauts)
 A = Elapsed time spent in this place.
 B = Non-inter-level travel time spent in this place.
 C = Inter-level travel time spent in this place.
 D = Time resting spent in this place.
 E = Time spent auto-exploring this place.
 F = Levels seen in this place.
 G = Mean time per level.
                   A        B        C        D        E       F      G
               +--------+--------+--------+--------+--------+-----+--------+
         Total |  10414 |  10283 |    131 |   4030 |   4411 |  10 | 1041.4 |
       Dungeon |  10278 |  10147 |    131 |   4030 |   4343 |   8 | 1284.8 |
        Temple |    110 |    110 |      0 |      0 |     68 |   1 |  110.0 |
        Bailey |     25 |     25 |      0 |      0 |      0 |   1 |   25.0 |
               +--------+--------+--------+--------+--------+-----+--------+

Top non-repeatable levels by time:
     D:1: 2077 daAuts
     D:5: 1834 daAuts
     D:6: 1754 daAuts
     D:7: 1463 daAuts
     D:3: 1251 daAuts
     D:2: 892 daAuts
     D:4: 596 daAuts
     D:8: 409 daAuts
  Temple: 110 daAuts
  Bailey: 25 daAuts
